 Dungeon Crawl Stone Soup version 0.26-a0-812-g31a745ddcd (webtiles) character file.

Game seed: 4042367618678704389

40 CypherZel the Insei (level 3, 0/25 HPs)
             Began as an Octopode Transmuter on Nov 15, 2020.
             Was a Follower of the Shining One.
             Slain by a hobgoblin (4 damage)
             ... on level 2 of the Dungeon.
             The game lasted 00:10:27 (2188 turns).

CypherZel the Insei (Octopode Transmuter)           Turns: 2188, Time: 00:10:27

Health: 0/25       AC:  1    Str:  9    XL:     3   Next: 50%
Magic:  6/6        EV: 13    Int: 16    God:    the Shining One [*.....]
Gold:   77         SH:  0    Dex: 12    Spells: 5/6 levels left

rFire    . . .     SeeInvis .     - Unarmed
rCold    . . .     Faith    .   (no shield)
rNeg     . . .     Spirit   .   (helmet restricted)
rPois    .         Reflect  .   (no amulet)
rElec    .         Harm     .   (no ring)
rCorr    .         Rampage  .   (no ring)
MR       .....                  (no ring)
Stlth    +.........             (no ring)
HPRegen  0.08/turn              (no ring)
MPRegen  0.10/turn              (no ring)
                                (no ring)
                                (no ring)

@: glowing
A: almost no armour, stealthy swim, amphibious, 8 rings, constrict 8, camouflage
1, gelatinous body 1
a: Renounce Religion


You were on level 2 of the Dungeon.
You worshipped the Shining One.
The Shining One was aware of your devotion.
You visited 1 branch of the dungeon, and saw 2 of its levels.

You collected 77 gold pieces.

Inventory:

Jewellery
 d - an uncursed ring of fire
Scrolls
 a - a scroll of remove curse
 h - a scroll of magic mapping {unknown}
 i - 2 scrolls of immolation {unknown}
Potions
 b - a potion of invisibility {unknown}
 c - 2 potions of lignification
 e - 2 potions of flight {unknown}
 f - a potion of heal wounds {unknown}
 g - 2 potions of magic {unknown}
 j - a potion of curing {unknown}


   Skills:
 + Level 2.7 Fighting
 - Level 2.3 Dodging
 - Level 3.1 Unarmed Combat
 - Level 2.0 Spellcasting
 - Level 2.0 Transmutations


You had 5 spell levels left.
You knew the following spells:

 Your Spells              Type           Power        Failure   Level
a - Beastly Appendage     Tmut           #.....       9%          1

Your spell library contained the following spells:

 Spells                   Type           Power        Failure   Level
 Wereblood                Tmut           #.......     13%         2
 Spider Form              Tmut/Pois      #.........   38%         3
 Ice Form                 Ice/Tmut       #.......     80%         4
 Blade Hands              Tmut           #.........   94%         5


Dungeon Overview and Level Annotations

Branches:
Dungeon (2/15)

Altars:
The Shining One


Innate Abilities, Weirdness & Mutations

You cannot wear most types of armour.
You are very stealthy in the water. (Stealth+)
You are amphibious.
You can wear up to eight rings at the same time.
You can use your tentacles to constrict eight enemies at once.
Your skin changes colour to match your surroundings (Stealth+).
Your rubbery body absorbs attacks. (AC +1, EV +1)


Message History

The hobgoblin hits you. The hobgoblin closely misses you.
The hobgoblin hits you.
* * * LOW HITPOINT WARNING * * *
The hobgoblin closely misses you. The hobgoblin completely misses you.
The hobgoblin barely misses you.
The hobgoblin hits you but does no damage.
The hobgoblin closely misses you. The hobgoblin hits you.
* * * LOW HITPOINT WARNING * * *
The hobgoblin closely misses you. The hobgoblin barely misses you.
The hobgoblin completely misses you. The hobgoblin hits you.
* * * LOW HITPOINT WARNING * * *
The hobgoblin closely misses you. The hobgoblin completely misses you.
The hobgoblin hits you.
You die...

#.# .#.#.#.... #.#
#............####
#.######..#.#.#.#.#. #.
##..<...............# #.
##...######..#.#.#.#.# #.
#.###.#####.........# ##.
#.# #.............## ##..
#.###...##g........####...
##....<..@)........'......
##....###.........####...
#...............## #...)
##.#######)....## #.###
#####.#### ##...######.###
#.(......# ##+#.. .....##
#.###.##.# #.#.## ##....
#.#
#.##.######.#.######.##
#.#
#.##.................##


You could see a hobgoblin.

Vanquished Creatures
  An ooze (D:1)
  2 dart slugs (D:1)
  2 leopard geckos (D:1)
  5 bats (D:1)
  2 giant cockroaches (D:1)
  5 goblins (D:1)
  4 hobgoblins
  A frilled lizard (D:1)
  3 kobolds
  4 rats (D:1)
29 creatures vanquished.

Notes
Turn   | Place    | Note
-------+----------+-------------------------------------------
     0 | D:1      | CypherZel the Octopode Transmuter began the quest for the
                  | Orb.
     0 | D:1      | Reached XP level 1. HP: 13/13 MP: 3/3
   378 | D:1      | Reached XP level 2. HP: 13/18 MP: 3/5
   662 | D:1      | You fall into a shaft and drop 1 floor!
  1345 | D:1      | Reached XP level 3. HP: 24/24 MP: 4/6
  2060 | D:2      | Found a faded altar of an unknown god.
  2106 | D:2      | Became a worshipper of the Shining One
  2106 | D:2      | Reached * piety under the Shining One
  2188 | D:2      | Slain by a hobgoblin

Illustrated notes

Levels and vault maps discovered:
D:1:      lightli_arrival_boilingwater, layout_loops_corners,
          minmay_misc_feat_five
D:2:      layout_loops_corners, lemuel_round_altar,
          chequers_ecumenical_altar_simple, hex_medium, minmay_heptomino_o4

Skill      XL: |  1  2 |
---------------+-------+-----
Fighting       | 2 |  2.7
Dodging        | |  2.3
Unarmed Combat | |  3.1
Spellcasting   | |  2.0
Transmutations | |  2.0

Action                   || total
-------------------------++-------
Melee: Unarmed           ||    65
       Kick              ||    16
       Constrict         ||    15
       Tentacles         ||     7
       Punch             ||     1
 Cast: Beastly Appendage ||    20
  Use: Scroll            ||     2
 Stab: Sleeping          ||     8
Armor: Skin              ||    13
Dodge: Dodged            ||    73

Table legend: (Time is in decaauts)
 A = Elapsed time spent in this place.
 B = Non-inter-level travel time spent in this place.
 C = Inter-level travel time spent in this place.
 D = Time resting spent in this place.
 E = Time spent auto-exploring this place.
 F = Levels seen in this place.
 G = Mean time per level.
                   A        B        C        D        E       F      G
               +--------+--------+--------+--------+--------+-----+--------+
         Total |   2184 |   2101 |     83 |    685 |    878 |   2 | 1092.0 |
       Dungeon |   2184 |   2101 |     83 |    685 |    878 |   2 | 1092.0 |
               +--------+--------+--------+--------+--------+-----+--------+

Top non-repeatable levels by time:
     D:1: 1859 daAuts
     D:2: 325 daAuts
